 Dungeon Crawl Stone Soup version 0.15.1-1-gfacfea3 (webtiles) character file.

57 CrazyArbalest the Sneak (level 3, -3/16 HPs)
             Began as a Spriggan Enchanter on Sept 21, 2014.
             Slain by an adder (5 damage)
             ... on Level 2 of the Dungeon.
             The game lasted 00:03:08 (1008 turns).

CrazyArbalest the Sneak (Spriggan Enchanter)        Turns: 1008, Time: 00:03:08

HP  -3/16        AC  3     Str  5      XL: 3   Next: 73%
MP  11/11        EV 17     Int 16      God:
Gold 84          SH  0     Dex 16      Spells:  1 memorised,  7 levels left

rFire  . . .     SeeInvis +     a - +1 dagger
rCold  . . .     Clarity  .     b - +1 robe
rNeg   . . .     rCorr    .     (shield restricted)
rPois  .         rRot     .     (helmet restricted)
rElec  .         Spirit   .     (no cloak)
SustAb .         Warding  .     (gloves unavailable)
rMut   .         Stasis   .     (boots unavailable)
Gourm  .                        (no amulet)
MR     .....                    (no ring)
                                h - cursed -2 ring of evasion

@: lethally poisoned, very quick, not resistant to hostile enchantments, fairly
stealthy
A: unfitting armour, see invisible, herbivore 3, speed 3, slow metabolism 2
a: no special abilities


You were on level 2 of the Dungeon.
You were not hungry.

You visited 1 branch of the dungeon, and saw 2 of its levels.

You collected 84 gold pieces.

Inventory:

Hand weapons
 a - a +1 dagger (weapon)
Armour
 b - a +1 robe (worn)
 l - a +0 cloak
Scrolls
 e - 2 scrolls of identify {unknown}
 f - 2 scrolls of remove curse {unknown}
 g - 2 scrolls of teleportation {unknown}
 k - a scroll of immolation {unknown}
Jewellery
 h - a cursed -2 ring of evasion (left hand)
 n - a +3 ring of evasion
 o - an uncursed amulet of rage {unknown}
Potions
 d - a potion of porridge
 i - 2 potions of brilliance {unknown}
 j - a potion of invisibility {unknown}
 m - a potion of restore abilities {unknown}
Books
 c - a book of Maledictions

   Spells                             Type                      Level
   *Corona                            Hexes                        1
   Sure Blade                         Hexes/Charms                 2
   Ensorcelled Hibernation            Hexes/Ice                    2
   Confuse                            Hexes                        3
   Dazzling Spray                     Conjuration/Hexes            3
   Enslavement                        Hexes                        4


   Skills:
 + Level 1.2 Short Blades
 + Level 3.8 Dodging
 + Level 5.6 Stealth
 + Level 3.4 Spellcasting
 + Level 4.1 Hexes


You had 7 spell levels left.
You knew the following spells:

 Your Spells              Type           Power        Failure   Level  Hunger
a - Corona                Hex            ###....      4%          1    None


Dungeon Overview and Level Annotations

Branches:
Dungeon (2/15)

Altars:


Innate Abilities, Weirdness & Mutations

You are tiny and cannot use many weapons and most armour.
You have supernaturally acute eyesight.
You are a herbivore.
You cover ground extremely quickly.
You need consume almost no food.


Message History

You hit the adder.
The adder is lightly wounded.
The adder bites you.
You are poisoned.
The adder poisons you!
You hit the adder.
The adder is moderately wounded.
You feel sick. The adder barely misses you. The adder barely misses you.
You hit the adder.
The adder is severely wounded.
The adder bites you.
* * * LOW HITPOINT WARNING * * *
You miss the adder.
The adder is severely wounded.
* * * LOW HITPOINT WARNING * * *
You feel sick. The adder completely misses you.
You closely miss the adder.
The adder is severely wounded.
The adder barely misses you. The adder bites you.
You die...

############# ##
#............ ..##
#.######.#... #...
...[.......#. #...
#####.####..%.
####...####...........#.
#................(....#.
#..#....######......[.<.
#$.....@..####........#.
#...$.S.....#.#.#.......
#....$..........###.....
................###.#.##
.................##.#.#
...#####.#.....##..#.#
.. #.#....###.##.#
..#<#.## #.##.# ..##.#.#
#.##.#


You could see an adder.

Vanquished Creatures
  2 adders (D:2)
  A giant mite (D:1)
  A giant gecko (D:2)
  3 giant cockroaches (D:1)
  A goblin (D:1)
  3 hobgoblins (D:1)
  6 bats (D:1)
  2 giant newts
  4 jackals (D:1)
  A kobold (D:1)
  7 rats
31 creatures vanquished.

Notes
Turn   | Place    | Note
--------------------------------------------------------------
     0 | D:1      | CrazyArbalest, the Spriggan Enchanter, began the quest for the Orb.
     0 | D:1      | Reached XP level 1. HP: 9/9 MP: 4/4
   284 | D:1      | Reached XP level 2. HP: 2/13 MP: 7/7
   447 | D:1      | Reached skill level 5 in Stealth
   559 | D:1      | Reached XP level 3. HP: 8/16 MP: 11/11
  1008 | D:2      | Slain by an adder

Action                   || total
-------------------------++-------
Melee: Dagger            ||   116
 Stab: Sleeping          ||     9
